[Event "*** Titled Tuesday Blitz"]
[Site "Chess.com"]
[Date "2019.03.05"]
[Round "7"]
[White "ASVZ"]
[Black "LLRChess"]
[Result "0-1"]
[WhiteElo "2402"]
[BlackElo "2351"]
[TimeControl "180+2"]
[EndTime "14:40:25 PST"]
[Termination "LLRChess won on time"]

1. e4 d5 2. exd5 Qxd5 3. Nf3 Nf6 4. d4 Bg4 5. Be2 c6 6. h3 Bh5 7. c4 Qa5+ 8. Nc3 Nbd7 9. Bd2 Qc7 10. c5 e6 11. O-O Be7 12. b4 Nd5 13. Nxd5 exd5 14. Re1 O-O 15. b5 Bf6 16. bxc6 Qxc6 17. Be3 b6 18.
Rc1 bxc5 19. dxc5 Rfe8 20. Nd4 Bxe2 21. Nxc6 Bxd1 22. Rexd1 Ne5 23. Nxe5 Rxe5 24. Bd4 Rf5 25. Bxf6 gxf6 26. c6 Rc8 27. c7 Kf8 28. Rd4 Ke7 29.
f4 Rh5 30. Kh2 Kd6 31. g4 Rh6 32. f5 Ke5 33. Ra4 d4 34. Kg3 d3 35. Rxa7 Ke4 36.
Ra4+ Ke3 37. Ra3 Ke2 38. Rb3 d2 39. Rb2 Ke3 40. Rb3+ Ke2 41. Rc2 Rxc7 42. Rxc7 d1=Q 43. Re7+ Kf1 44. Rf3+ Kg1 45. Rfe3 Qd6+ 0-1

[Event "*** Titled Tuesday Blitz"]
[Site "Chess.com"]
[Date "2019.03.05"]
[Round "7"]
[White "Fivetrick"]
[Black "jocmil"]
[Result "0-1"]
[WhiteElo "2457"]
[BlackElo "2435"]
[TimeControl "180+2"]
[EndTime "14:40:26 PST"]
[Termination "jocmil won by resignation"]

1. e4 e6 2. d4 d5 3. Nc3 Nf6 4. e5 Nfd7 5. f4 c5 6. Nf3 Nc6 7. Be3 a6 8. Qd2 b5 9. dxc5 Bxc5 10. Bd3 d4 11. Nxd4 Bxd4 12. Bxd4 Nxd4 13. Be4 Nxe5 14.
fxe5 Qh4+ 15. g3 Qxe4+ 16. Nxe4 Nf3+ 17. Ke2 Nxd2 18. Kxd2 Ke7 19. Rhf1 Rd8+ 20. Ke3 Rd5 21. Kf4 Bb7 22. Rad1 Rad8 23. Nd6 Rxd1 24. Rxd1 f6 25. Rd3 Bd5 26. Ne4 Bxe4 27. Kxe4 f5+ 28. Ke3 Rxd3+ 29. Kxd3 g5 30. Ke3 Kd7 31. Kd4 Kc6 32. c3 a5 33. b3 Kb6 34. c4 Kc6 35. a4 bxa4 36. bxa4 Kb6 37. c5+ Kc6 38. Kc4 Kc7 39. Kd4 Kb7 40.
Kc3 Kc6 41. Kc4 h6 42. h3 h5 43. Kd4 h4 44. gxh4 gxh4 45. Kc4 f4 46. Kd4 f3 47.
Ke3 Kxc5 48. Kxf3 Kb4 49. Kg4 Kxa4 50. Kxh4 Kb4 51. Kg5 a4 52. h4 a3 53. h5 a2 54. h6 a1=Q 55. h7 Qxe5+ 0-1

[Event "*** Titled Tuesday Blitz"]
[Site "Chess.com"]
[Date "2019.03.05"]
[Round "7"]
[White "NemtsevIgor"]
[Black "WPWPWP-2015"]
[Result "1-0"]
[WhiteElo "2349"]
[BlackElo "2385"]
[TimeControl "180+2"]
[EndTime "14:40:28 PST"]
[Termination "NemtsevIgor won on time"]

1. d3 e5 2. g3 d5 3. Nf3 Nc6 4. Bg2 Nf6 5. O-O Be7 6. c4 Be6 7. Ng5 O-O 8. Nxe6 fxe6 9. Nc3 Kh8 10. Qb3 Nd4 11. Qxb7 Rb8 12. Qa6 Rb6 13. Qxa7 Bb4 14. Qa4 Bxc3 15. bxc3 Nxe2+ 16. Kh1 Nxc3 17. Qc2 d4 18. Bd2 c5 19. Bxc3 dxc3 20. Qxc3 Ng4 21. Kg1 Qd4 22. Qxd4 exd4 23. h3 Ne5 24. Be4 Nc6 25.
a4 Na5 26. Rfb1 Rb4 27. Re1 Rfb8 28. Bf3 R8b6 29. Bg4 Nb3 30. Ra2 g6 31. Bxe6 Na5 32. Bd7 Rb1 33. Ra1 Rxa1 34. Rxa1 Rb3 35. Rd1 Kg7 36.
Kg2 Kf6 37. h4 h6 38. g4 g5 39. h5 Ra3 40. Bf5 Rxa4 41. Re1 Nb3 42. Re6+ Kf7 43.
Rxh6 Ra2 44. Rh7+ Kf6 45. Rc7 Ra8 46. h6 Rh8 47. h7 Rf8 48. Kg3 Rh8 49. f4 1-0

[Event "*** Titled Tuesday Blitz"]
[Site "Chess.com"]
[Date "2019.03.05"]
[Round "7"]
[White "SimonKnightRivendell"]
[Black "GremioPrudente"]
[Result "1-0"]
[WhiteElo "2005"]
[BlackElo "2050"]
[TimeControl "180+2"]
[EndTime "14:40:28 PST"]
[Termination "SimonKnightRivendell won on time"]

1. Nf3 Nf6 2. g3 b6 3. Bg2 Bb7 4. O-O e6 5. d3 d5 6. c3 Be7 7. Nbd2 c5 8. Qc2 Nc6 9. e4 dxe4 10.
Nxe4 O-O 11. Bf4 h6 12. Rad1 Nh5 13. Bc1 Nf6 14. Rfe1 Rc8 15. a3 Qc7 16. Bf4 e5 17. Nxe5 Nxe5 18. Bxe5 Qxe5 19. Nxf6+ Qxf6 20. Bxb7 Rc7 21. Bg2 Rd8 22. Re4 Rcd7 23. h4 Bf8 24. Bh3 Rd6 25.
Qe2 Rd5 26. Rf4 Qd6 27. Bf5 Be7 28. Be4 Re5 29. Re1 Bf6 30. c4 Rde8 31. Qc2 R5e7 32.
Rf1 Be5 33. Rf3 Bd4 34. Bd5 Qg6 35. Qd1 Kh8 36. Be4 Qd6 37. Rf5 g6 38. Rf3 Kg7 39.
Kg2 f5 40. Bd5 Re2 41. h5 Rxb2 42. hxg6 Ree2 43. Rxf5 Qxg6 44. Rf7+ Kh8 45. Rf8+ Kg7 46. Rg8+ Kh7 47. Rxg6 Kxg6 48. Be4+ Kg7 49. Kh3 Rbd2 50. Qc1 Rc2 51. Qf4 1-0

[Event "*** Titled Tuesday Blitz"]
[Site "Chess.com"]
[Date "2019.03.05"]
[Round "7"]
[White "Off-War"]
[Black "GMKrikor"]
[Result "1-0"]
[WhiteElo "2550"]
[BlackElo "2713"]
[TimeControl "180+2"]
[EndTime "14:40:30 PST"]
[Termination "Off-War won by resignation"]

1. d4 Nf6 2. Bg5 d5 3. Bxf6 gxf6 4. e3 c5 5. dxc5 e6 6. c4 dxc4 7. Qxd8+ Kxd8 8. Bxc4 Bxc5 9. Nc3 a6 10. Nf3 Ke7 11.
Ke2 b5 12. Bd3 Nd7 13. Rhd1 Rb8 14. Rac1 f5 15. e4 fxe4 16. Nxe4 Bb6 17. b4 Bb7 18. g4 h6 19. h3 Rbc8 20. a3 Bd5 21. h4 Rhg8 22.
g5 hxg5 23. hxg5 Rc6 24. Rxc6 Bxc6 25. Rh1 Bd5 26. Rh7 Nf8 27. Rh6 Ng6 28. Nf6 Nf4+ 29. Kd2 Rd8 30. Ne5 Bd4 31. Nxd5+ Rxd5 32. Nc6+ Kd6 33.
Nxd4 Rxd4 34. Ke3 Rxd3+ 35. Kxf4 Rxa3 36. Rh7 Rb3 37. Rxf7 Rxb4+ 38. Kg3 Rb1 39. Kg2 Rc1 40. Ra7 Ke5 41. Kf3 Rc8 42. Kg4 Rb8 43. f4+ Kd5 44. g6 b4 45. Rxa6 b3 46. Ra1 b2 47.
Rb1 Ke4 48. Kg5 Kd5 49. g7 Ke4 50. Kf6 Kxf4 51. Rxb2 Ra8 52. Rb4+ Kf3 53. Kxe6 Ra6+ 54. Kf7 Ra7+ 55. Kg6 1-0

[Event "*** Titled Tuesday Blitz"]
[Site "Chess.com"]
[Date "2019.03.05"]
[Round "7"]
[White "andrzej"]
[Black "ChessicallyInclined"]
[Result "1-0"]
[WhiteElo "2306"]
[BlackElo "2399"]
[TimeControl "180+2"]
[EndTime "14:40:35 PST"]
[Termination "andrzej won by resignation"]

1. d4 d5 2. c4 e6 3. Nf3 Nf6 4. g3 dxc4 5. Bg2 a6 6. Qc2 b5 7.
O-O Bb7 8. Nbd2 Nbd7 9. Rd1 Be7 10. b3 cxb3 11. axb3 O-O 12. Ba3 Bxa3 13. Rxa3 Qe7 14. Raa1 c5 15. dxc5 Nxc5 16. Rdc1 Rac8 17. Qb2 Rfd8 18.
Qa3 Qf8 19. Rab1 Nfe4 20. Nxe4 Bxe4 21. Ra1 Bd5 22. Rcb1 Ra8 23. Qb4 Rdb8 24. Ne1 Bxg2 25. Kxg2 f6 26. Qg4 Qd6 27. Kg1 Qd5 28. b4 Na4 29. Rd1 Qc6 30. Rac1 Nc3 31. Nd3 Qe4 32. Qxe4 Nxe4 33. Nf4 e5 34. Ne6 Rb7 35. f3 Ng5 36. Nxg5 fxg5 37. Rc5 a5 38. bxa5 Rxa5 39. Rxe5 h6 40.
Rdd5 Ra1+ 41. Kf2 b4 42. Rb5 Rxb5 43. Rxb5 Rb1 44. Rb6 b3 45. h4 gxh4 46. gxh4 Kh7 47. h5 Kg8 48. Rb7 Kf8 49. Ke3 b2 50. Kd2 Rh1 51. Rxb2 Rxh5 52. Ke3 Rg5 53. f4 Rg6 54. Ke4 Rg5 55. fxg5 1-0

[Event "*** Titled Tuesday Blitz"]
[Site "Chess.com"]
[Date "2019.03.05"]
[Round "7"]
[White "vinniethepooh"]
[Black "Arystanner"]
[Result "0-1"]
[WhiteElo "2477"]
[BlackElo "2650"]
[TimeControl "180+2"]
[EndTime "14:40:41 PST"]
[Termination "Arystanner won on time"]

1. d4 e6 2. c4 Nf6 3. Nc3 Bb4 4. e3 b6 5. Bd3 Bb7 6. Nf3 Ne4 7. O-O Bxc3 8.
bxc3 f5 9. Ne1 O-O 10. f3 Nf6 11. a4 Nc6 12. e4 fxe4 13. fxe4 e5 14. Nc2 d6 15.
Bg5 Qe8 16. Bxf6 Rxf6 17. Rxf6 gxf6 18. Ne3 Ne7 19. a5 Qg6 20. d5 Rf8 21. axb6 axb6 22. Ra7 Rb8 23. Qf3 Kh8 24. h4 Nc8 25. Ra1 Ne7 26.
h5 Qg5 27. Ng4 Ng8 28. Ra7 Qxh5 29. Qg3 Qg5 30. Qf3 Kg7 31. Ne3 Ne7 32. Kf2 h5 33.
Ke2 h4 34. Ng4 Bc8 35. Ne3 Rb7 36. Ra1 Bd7 37. Kf2 Rb8 38. Ra7 Rc8 39. Be2 Ng6 40. Nf5+ Bxf5 41. Qxf5 Qxf5+ 42. exf5 Nf4 43. Bd1 Kf7 44.
Kf3 Ke7 45. Ba4 Nd3 46. Bc6 Nf4 47. Ba4 Nd3 48. Bc6 Nc5 49. Kg4 e4 50. Kxh4 Rg8 0-1

[Event "*** Titled Tuesday Blitz"]
[Site "Chess.com"]
[Date "2019.03.05"]
[Round "7"]
[White "Hongjin"]
[Black "SF-96"]
[Result "1-0"]
[WhiteElo "2522"]
[BlackElo "2563"]
[TimeControl "180+2"]
[EndTime "14:40:41 PST"]
[Termination "Hongjin won by resignation"]

1. c4 Nf6 2. g3 g6 3. Bg2 d5 4.
Nc3 d4 5. Ne4 Nxe4 6. Bxe4 Bg7 7. d3 c6 8. f4 h5 9. h4 Bg4 10.
Nh3 Nd7 11. Nf2 Be6 12. b4 Bf5 13. Rb1 e5 14. b5 Bxe4 15. Nxe4 O-O 16. O-O c5 17. f5 Qb6 18. a4 Nf6 19. a5 Qc7 20. b6 axb6 21. Nxf6+ Bxf6 22. Rxb6 Ra6 23. Bh6 Bg7 24. Bxg7 Kxg7 25. fxg6 Rxb6 26. axb6 Qxb6 27. gxf7 Qg6 28. Kg2 Rxf7 29. Rxf7+ Kxf7 30. Qa4 Qg4 31. Kf2 Qf5+ 32. Ke1 Qg4 33. Kf2 Qh3 34. Qb5 Qh2+ 35. Kf3 Qh1+ 36. Kf2 Qh2+ 37. Kf3 Qh1+ 38. Kf2 Kf6 39. Qe8 Qh2+ 40. Kf3 Qh1+ 41. Kf2 Qh2+ 42. Kf1 Qxg3 43. Qxh5 Qf4+ 44. Kg2 Qe3 45. Qf3+ Qxf3+ 46. Kxf3 Kf5 47. h5 Kg5 48. Ke4 Kxh5 49. Kxe5 Kg4 50. Kd5 Kf4 51. Kxc5 Ke3 52. Kd5 1-0

[Event "*** Titled Tuesday Blitz"]
[Site "Chess.com"]
[Date "2019.03.05"]
[Round "7"]
[White "monalize"]
[Black "Bad4life"]
[Result "1-0"]
[WhiteElo "2323"]
[BlackElo "2467"]
[TimeControl "180+2"]
[EndTime "14:40:42 PST"]
[Termination "monalize won by resignation"]

1. e4 c5 2. Nf3 d6 3. d4 cxd4 4.
Qxd4 Nf6 5. Be2 g6 6. h3 Bg7 7. O-O O-O 8. Rd1 b6 9. e5 Nfd7 10. Qe4 Nc5 11. Qxa8 Bb7 12. Qxa7 Nc6 13. Qa3 Nxe5 14. Nxe5 Bxe5 15. Bf3 d5 16. Nc3 e6 17. Be3 Bd6 18. b4 Nd7 19. Qb3 Qh4 20. Rd4 Qf6 21. Rad1 Ne5 22. Be2 Nc6 23. Ne4 Qe5 24.
Nxd6 Nxd4 25. Bxd4 Qxd6 26. Qg3 Qc6 27. Bd3 f6 28.
Bxg6 Kh8 29. Qh4 Qd7 30. Bxf6+ Kg8 31. Bd3 Rf7 32. Re1 Kf8 33. Qh6+ Ke8 34. Bd4 Bc8 35. Qg5 Rf8 36. b5 Qf7 37. Qxd5 Rg8 38. Qc6+ Ke7 39. Qc7+ Bd7 40. Bxb6 Qf3 41. Bc5+ Kf6 42. Qe5+ Kf7 43. Bf1 Qb7 44. Re4 Ke8 45. a4 h6 46. Qd6 Kd8 47. Qe7+ Kc8 48. Rc4 Kb8 49. Bd6+ Ka8 50. Rc7 Qb6 51. Qxd7 Rf8 52. Qc6+ Qxc6 1-0

[Event "*** Titled Tuesday Blitz"]
[Site "Chess.com"]
[Date "2019.03.05"]
[Round "7"]
[White "Swarnapuri"]
[Black "gmcorrales"]
[Result "1-0"]
[WhiteElo "2730"]
[BlackElo "2694"]
[TimeControl "180+2"]
[EndTime "14:40:43 PST"]
[Termination "Swarnapuri won on time"]

1. d4 Nf6 2. Bf4 g6 3. e3 Bg7 4. Nf3 O-O 5. Be2 d5 6. O-O b6 7. a4 Bb7 8. a5 Nc6 9. axb6 axb6 10. Rxa8 Bxa8 11. Na3 Nh5 12. Bg5 h6 13. Bh4 g5 14.
Nd2 gxh4 15. Bxh5 e5 16. c3 Qg5 17. f4 exf4 18. exf4 Qf6 19. Qg4 Ne7 20. Nf3 Nf5 21.
Re1 Bb7 22. Qh3 Nd6 23. Qxh4 Qf5 24. Qg4 Qd3 25. Ne5 Qd2 26. Qe2 Qxf4 27. Rf1 Qe4 28. Qf2 Bxe5 29. dxe5 Qxe5 30. Bf3 c6 31. Qxb6 Re8 32.
Nc2 Kg7 33. Kh1 Re7 34. Kg1 Nc4 35.
Qc5 Re6 36. Qf2 Rf6 37. Re1 Qg5 38. Nd4 Nd6 39. Kh1 c5 40. Nc2 d4 41. cxd4 Ne4 42. Qe3 Qf5 43. dxc5 Re6 44. Nd4 Qe5 45. Nxe6+ Kf6 46.
Bxe4 Bxe4 47. Qxe4 Qxb2 48. Nd4 Qf2 49. Qf3+ Kg7 50. Qxf2 1-0

[Event "*** Titled Tuesday Blitz"]
[Site "Chess.com"]
[Date "2019.03.05"]
[Round "7"]
[White "wonderfultime"]
[Black "Alexander_Moskalenko"]
[Result "0-1"]
[WhiteElo "2905"]
[BlackElo "2773"]
[TimeControl "180+2"]
[EndTime "14:40:48 PST"]
[Termination "Alexander_Moskalenko won by resignation"]

1. d4 Nf6 2. Nf3 g6 3. g3 Bg7 4. Bg2 O-O 5. O-O d5 6. c4 c6 7. cxd5 cxd5 8. Nc3 Nc6 9. Ne5 Qb6 10. Na4 Qb5 11.
Nxc6 bxc6 12. Re1 Bf5 13. b3 Rfe8 14. Bb2 Nd7 15. Rc1 Rac8 16. Qd2 Bf6 17. Nc5 Nxc5 18. Rxc5 Qb6 19. Rec1 Bd7 20. e3 e6 21. Bf1 Be7 22. R5c2 a5 23. Bd3 Ra8 24. Bc3 Bb4 25. Qe2 Reb8 26.
h4 h5 27. Qf3 Qd8 28. e4 a4 29. Ba1 axb3 30. axb3 Bf8 31. Rb1 Ra3 32. exd5 cxd5 33.
Bf1 Qb6 34. Qf4 Bd6 35. Qg5 Bb5 36. Bxb5 Qxb5 37. Kg2 Kg7 38. b4 Qd3 39. Qd2 Qe4+ 40. Kg1 Bxg3 41. fxg3 Rxg3+ 42. Kf1 Rf3+ 43. Kg1 Qg4+ 44. Qg2 Rg3 45. Rf1 Rxg2+ 46. Rxg2 Qxh4 47. Bc3 Qh3 48. Bd2 Qd3 49. Rgf2 Qxd4 50. Kh1 Qe4+ 51.
Kh2 Rb7 52. Bg5 Qxb4 53. Bf6+ Kh7 54. Be5 Qh4+ 55. Kg2 Qg5+ 56. Bg3 h4 57. Rh1 0-1

[Event "*** Titled Tuesday Blitz"]
[Site "Chess.com"]
[Date "2019.03.05"]
[Round "7"]
[White "Witik"]
[Black "Sanan_Sjugirov"]
[Result "1/2-1/2"]
[WhiteElo "2683"]
[BlackElo "2887"]
[TimeControl "180+2"]
[EndTime "14:41:04 PST"]
[Termination "Game drawn by agreement"]

1. d4 Nf6 2. c4 g6 3. Nc3 d5 4.
cxd5 Nxd5 5. e4 Nxc3 6. bxc3 Bg7 7. Bg5 O-O 8. Nf3 c5 9. Rc1 Bg4 10. d5 Nd7 11. Be2 h6 12. Bh4 Re8 13. O-O Qa5 14. Qb3 Bxf3 15. gxf3 Qc7 16. Bb5 Be5 17. Bg3 Red8 18. Bxd7 Rxd7 19. c4 Bf4 20. Rb1 Qe5 21.
Qa4 Rc7 22. Rfd1 h5 23. Kg2 Qf6 24. h4 Kh7 25. Re1 Qe5 26. Qa3 Rg8 27. Rh1 b6 28. Qe3 Bxg3 29. fxg3 Rd7 30. f4 Qf6 31. Rhf1 Rb8 32. Qd3 e6 33. a4 exd5 34. cxd5 Rbd8 35. Rbd1 Qb2+ 36. Rf2 Qb4 37. Qf3 c4 38. e5 c3 39. d6 Rc8 40. f5 c2 41. Rc1 Qb2 42. fxg6+ fxg6 43. e6 Rxd6 44. Qf7+ Qg7 45. Rcxc2 Rxc2 46. Rxc2 Qxf7 47. exf7 Kg7 48. Rc7 a5 49. Rb7 Rf6 50. g4 Rxf7 51. Rxb6 Rf4 52. gxh5 gxh5 53. Rb5 Rxa4 54. Rxh5 Kg6 55. Rg5+ Kf6 56. Kg3 Ra1 57. Rb5 a4 58. Kg4 a3 59. Kh5 a2 60. Ra5 Kg7 61. Ra7+ Kf6 62. Ra6+ Kf5 1/2-1/2

[Event "*** Titled Tuesday Blitz"]
[Site "Chess.com"]
[Date "2019.03.05"]
[Round "7"]
[White "KhalilMousavi77"]
[Black "Supernotar"]
[Result "1-0"]
[WhiteElo "2692"]
[BlackElo "2528"]
[TimeControl "180+2"]
[EndTime "14:41:10 PST"]
[Termination "KhalilMousavi77 won by checkmate"]

1. c4 c5 2. Nc3 Nc6 3. g3 g6 4. Bg2 Bg7 5. e4 e6 6. Nge2 Nge7 7. O-O O-O 8. d3 d6 9. Be3 Nd4 10. a3 Nec6 11. Rb1 a5 12. h3 Rb8 13. f4 Bd7 14. Kh2 Qe7 15. g4 f5 16. exf5 gxf5 17. g5 Nxe2 18. Qxe2 Nd4 19. Qd2 b5 20. Bxd4 cxd4 21. Nxb5 Bxb5 22. cxb5 Rxb5 23. b4 axb4 24. a4 Rc5 25.
Rxb4 e5 26. Qa2+ Kh8 27. Rb7 Rc7 28. Rxc7 Qxc7 29. a5 e4 30. dxe4 fxe4 31. Bxe4 d5 32. Qxd5 Rxf4 33. Rxf4 Qxf4+ 34. Kg2 Qd2+ 35. Kg3 Qe1+ 36.
Kg4 Qg1+ 37. Kf5 Qf2+ 38. Bf3 Qc2+ 39. Kf4 Qc7+ 40. Kg4 Be5 41. a6 Qc8+ 42. Kh4 Qf5 43.
Qd8+ Kg7 44. Qe7+ Kh8 45. a7 Qf4+ 46. Bg4 h6 47. a8=Q+ Bb8 48. Qe8+ Kh7 49. Qb7+ Bc7 50. Qbe4+ Qxe4 51. Qxe4+ Kh8 52. gxh6 Bd8+ 53. Kh5 Bf6 54.
Kg6 Be7 55. Qxe7 d3 56. Qg7# 1-0

[Event "*** Titled Tuesday Blitz"]
[Site "Chess.com"]
[Date "2019.03.05"]
[Round "7"]
[White "almaguerjm"]
[Black "Romn69"]
[Result "1-0"]
[WhiteElo "2314"]
[BlackElo "2225"]
[TimeControl "180+2"]
[EndTime "14:41:22 PST"]
[Termination "almaguerjm won by resignation"]

1. d4 Nf6 2. c4 e6 3. Nf3 d5 4. g3 dxc4 5. Bg2 c5 6. O-O Nc6 7.
e3 cxd4 8. Nxd4 Nxd4 9. exd4 Be7 10. Na3 Bxa3 11. Qa4+ Bd7 12. Qxa3 Bc6 13. Bxc6+ bxc6 14. Bf4 Nd5 15. Bd6 f6 16. Rac1 Kf7 17. Rxc4 Qd7 18.
Rfc1 Rhc8 19. Bc5 a5 20. Ra4 Qb7 21. b3 Qb5 22. Qb2 Qd3 23. Qc2 Qxc2 24. Rxc2 Ke8 25. Rac4 Kd7 26. h4 h5 27. Kg2 g6 28. Ra4 Kc7 29. Rac4 Kd7 30. Ba3 Ra6 31. Bc1 Nb4 32. Re2 Nd5 33. Bd2 Rca8 34. Ra4 Nb6 35. Ra3 a4 36.
bxa4 Rxa4 37. Rb3 Nd5 38. Rb7+ Kd6 39. Rg7 Rxd4 40. Kh2 e5 41. Bc1 Rc4 42. Bb2 Ke6 43.
a3 Rb8 44. Rxg6 Kf5 45. Rh6 Rb3 46. Rxh5+ Kg6 47. Rh8 Nb6 48. Rb8 c5 49. Rd2 Re4 50.
Rb7 c4 51. Bc1 c3 52. Rd6 Rb1 53. Be3 Nc4 54. Rxb1 Nxd6 55. Rc1 Rc4 56. a4 c2 57.
g4 Ne4 58. h5+ Kh7 59. a5 Nd6 60. a6 Nc8 61. a7 Ra4 62. Rxc2 Nxa7 63. Rc7+ Kg8 64.
Rxa7 1-0

[Event "*** Titled Tuesday Blitz"]
[Site "Chess.com"]
[Date "2019.03.05"]
[Round "7"]
[White "vugarrasulov"]
[Black "GeorgMeier"]
[Result "1-0"]
[WhiteElo "2784"]
[BlackElo "2834"]
[TimeControl "180+2"]
[EndTime "14:41:25 PST"]
[Termination "vugarrasulov won by resignation"]

1. e4 e6 2. d4 d5 3. Nd2 dxe4 4. Nxe4 Nd7 5. g3 Be7 6. Bg2 Ngf6 7. Nxf6+ Bxf6 8. Ne2 O-O 9. O-O e5 10. Be3 exd4 11.
Bxd4 c6 12. c3 h6 13. Re1 Re8 14. Qb3 Bxd4 15. Nxd4 Nf6 16. h3 Qb6 17. Rxe8+ Nxe8 18. Re1 Nf6 19. Re7 Qxb3 20. Nxb3 Kf8 21. Re1 Rb8 22. a4 Be6 23. Nc5 Ke7 24. a5 Nd7 25. Nxe6 fxe6 26. h4 Nf8 27. Kf1 Rc8 28. Ke2 Nd7 29. Rd1 Nf6 30. c4 b6 31. axb6 axb6 32. Ra1 Kd6 33. b4 Nd7 34. f4 Re8 35. Rd1+ Kc7 36. Ra1 Kd6 37. Ke3 Re7 38. g4 Nf6 39. g5 hxg5 40. hxg5 Nd7 41. Be4 Re8 42. Ra6 Rh8 43. c5+ bxc5 44.
Rxc6+ Ke7 45. bxc5 Rh3+ 46. Bf3 Rh2 47. Bg4 Rc2 48.
Rxe6+ Kf8 49. c6 Nb6 50. Kd4 Rc4+ 51. Ke5 Nc8 52. Bf3 Rc3 53. Bd5 Rc1 54. f5 Re1+ 55.
Kd4 Rd1+ 56. Kc5 Rc1+ 57. Bc4 Rf1 58. f6 Rf5+ 59. Bd5 Rxg5 60. c7 gxf6 61. Kc6 Rg1 62. Rxf6+ Ke7 63. Re6+ Kf8 64. Kd7 Na7 65. Re8+ 1-0

[Event "*** Titled Tuesday Blitz"]
[Site "Chess.com"]
[Date "2019.03.05"]
[Round "7"]
[White "NoGalloNoParty"]
[Black "GelmanAlexander"]
[Result "1/2-1/2"]
[WhiteElo "2353"]
[BlackElo "2582"]
[TimeControl "180+2"]
[EndTime "14:41:31 PST"]
[Termination "Game drawn by agreement"]

1. Nf3 c5 2. c4 Nf6 3. g3 e6 4.
Bg2 Be7 5. b3 O-O 6. O-O a6 7. e3 d6 8. d4 cxd4 9. Nxd4 Qc7 10.
Bb2 Nbd7 11. Nc3 Ne5 12. Rc1 Bd7 13. Qe2 Rac8 14. Rfd1 Rfd8 15. h3 h6 16. f4 Ng6 17.
Kh2 Qb8 18. a4 Qc7 19. Qf3 Rb8 20. e4 Qb6 21. Ra1 Qc7 22. Qe2 Rbc8 23. Rac1 Qb6 24. Ra1 h5 25. e5 dxe5 26. fxe5 Nh7 27. Qxh5 Be8 28. Ne4 Qc7 29. Nf3 Bc6 30. Nd6 Bxd6 31. exd6 Rxd6 32. Ne5 Rxd1 33. Rxd1 Nf6 34. Qg5 Bxg2 35.
Kxg2 Ne4 36. Qh5 Rd8 37. Rd4 Rxd4 38. Bxd4 Nxe5 39. Bxe5 Qc6 40. Qf3 f6 41. Bb2 e5 42.
Kh2 Kf7 43. g4 g6 44. Bxe5 Ke6 45. Bb2 Qd6+ 46. Kg2 Qd2+ 47. Kg1 f5 48. gxf5+ gxf5 49. Ba3 Qe1+ 50. Kg2 Qd2+ 51. Kg1 Qc2 52. Qg2 Qxb3 53. Bf8 Qxc4 54. Qg6+ Nf6 55. Bg7 Qd4+ 56. Kf1 Qd3+ 57. Kg1 Qe3+ 58. Kf1 Qd3+ 59. Kg1 Qd4+ 60. Kf1 b5 61.
axb5 axb5 62. Bxf6 Qxf6 63. Qe8+ Qe7 64. Qxb5 Kf6 65.
Qb2+ Kg5 66. Qg2+ Kf6 67. Qg3 Qe4 68. Kf2 1/2-1/2

[Event "*** Titled Tuesday Blitz"]
[Site "Chess.com"]
[Date "2019.03.05"]
[Round "7"]
[White "SamCopeland"]
[Black "1995Tiger"]
[Result "1/2-1/2"]
[WhiteElo "2045"]
[BlackElo "1969"]
[TimeControl "180+2"]
[EndTime "14:41:36 PST"]
[Termination "Game drawn - insufficient material"]

1. e4 e6 2. d4 d5 3. e5 c5 4. c3 Nc6 5. Nf3 Bd7 6. a3 Nge7 7.
Bd3 cxd4 8. cxd4 Ng6 9. h4 Qb6 10. h5 Nge7 11. Bc2 Nf5 12. Bxf5 exf5 13. Nc3 Be6 14. b4 h6 15. Na4 Qd8 16. Nc5 Bxc5 17.
dxc5 d4 18. Bb2 d3 19. Qd2 Qd5 20. Rh4 a6 21. a4 O-O 22. Rd1 Qb3 23. Nd4 Nxd4 24.
Rxd4 Rad8 25. Qxd3 Rxd4 26. Qxd4 Qxa4 27. Kf1 Qc6 28. Kg1 Qe4 29. Qxe4 fxe4 30. Rd4 Rc8 31. Rxe4 a5 32. bxa5 Rxc5 33. Rb4 Bd5 34. Ra4 Bc6 35.
Ra3 Rb5 36. Bd4 Rb1+ 37. Kh2 Rd1 38. Be3 Rd5 39. a6 bxa6 40. Rxa6 Bb5 41. Rb6 Rxe5 42.
g4 Be2 43. Kg3 Re8 44. Rb4 Bd3 45. g5 hxg5 46. Bxg5 f6 47. Be3 Re7 48. h6 g5 49.
Rb6 Rf7 50. Bd4 Kh7 51. Rxf6 Rxf6 52. Bxf6 Kxh6 53. Bxg5+ Kxg5 54. f4+ Kf5 55. Kf3 Be4+ 56. Ke3 Bd5 57. Kd4 Be6 58. Ke3 Bf7 59. Kd4 Bg6 60. Ke3 Bh5 61. Kd4 Bg4 62. Ke3 Bh5 63. Kd4 Bg6 64. Ke3 Bf7 65. Kd4 Bg8 66. Ke3 Bh7 67.
Kd4 Bg6 68. Ke3 Be8 69. Kd4 Bd7 70. Ke3 Bc8 71. Kd4 Bb7 72. Ke3 Ba6 73. Kd4 Bb5 74.
Ke3 Ba4 75. Kd4 Bb3 76. Ke3 Bc2 77. Kd4 Bb1 78. Ke3 Be4 79. Kd4 Bc6 80. Ke3 Bd5 81. Kd4 Bc6 82. Ke3 Bb7 83. Kd4 Bc8 84. Ke3 Bd7 85.
Kd4 Be8 86. Ke3 Bf7 87. Kd4 Bg6 88. Ke3 Bh5 89. Kd4 Bg4 90. Ke3 Bh3 91. Kd4 Bg2 92.
Ke3 Bd5 93. Kd4 Be6 94. Ke3 Bd5 95. Kd4 Kg4 96. Ke3 Be6 97. Kd4 Bf5 98. Ke3 Bg6 99.
Kd4 Bf5 100. Ke3 Bg6 101. f5 Bh7 102. f6 Bg8 103. f7 Bxf7 1/2-1/2

[Event "*** Titled Tuesday Blitz"]
[Site "Chess.com"]
[Date "2019.03.05"]
[Round "7"]
[White "martinmartinez95"]
[Black "DrMelekess"]
[Result "0-1"]
[WhiteElo "2473"]
[BlackElo "2705"]
[TimeControl "180+2"]
[EndTime "14:41:42 PST"]
[Termination "DrMelekess won by resignation"]

1. e4 d6 2. d4 Nf6 3. Nc3 e5 4. dxe5 dxe5 5. Qxd8+ Kxd8 6. f3 Bc5 7. Nh3 Bxh3 8.
gxh3 Ke7 9. Na4 Bb6 10. c4 Bd4 11. Nc3 c6 12. Ne2 Bc5 13. Bd2 a5 14. O-O-O Na6 15.
Bc3 Nd7 16. a3 Nc7 17. b4 axb4 18. axb4 Be3+ 19. Kb2 Ne6 20. h4 Ra4 21. Bh3 Rha8 22. Ra1 Rxa1 23. Rxa1 Rxa1 24. Kxa1 Nf4 25. Bf1 Nxe2 26.
Bxe2 Bf4 27. h3 Bg3 28. b5 Bxh4 29. bxc6 bxc6 30. Bd1 Bf2 31. Kb1 Bd4 32. Bb4+ Bc5 33. Bc3 f6 34. Kc2 Nf8 35. Kd3 Ne6 36. Bd2 Kd6 37. Be2 Bf2 38. Bd1 Bh4 39. Bb4+ c5 40.
Bd2 Bg5 41. Be2 Bxd2 42. Kxd2 Nf4 43. Bf1 Kc6 44. Kc3 Kb6 45. Kb3 Ne6 46. Kc3 Nd4 47. Bg2 Ka5 48. h4 Ne6 49. Bh3 Nf4 50. Bf5 g6 51. Bg4 g5 52. h5 h6 53. Kb3 Ne2 54. Kc2 Kb4 55. Kd3 Nf4+ 56. Ke3 Kxc4 57. Bd7 Kc3 58.
Bb5 c4 59. Ba4 Kb2 60. Kf2 c3 61. Kg3 c2 62. Bxc2 Kxc2 63. Kg4 Kd3 64. Kf5 Nxh5 65. Kg6 Ke3 66. Kxh5 Kxf3 67. Kxh6 Kxe4 0-1

[Event "*** Titled Tuesday Blitz"]
[Site "Chess.com"]
[Date "2019.03.05"]
[Round "7"]
[White "joppie2"]
[Black "Hikaru"]
[Result "1/2-1/2"]
[WhiteElo "2779"]
[BlackElo "3125"]
[TimeControl "180+2"]
[EndTime "14:41:43 PST"]
[Termination "Game drawn by agreement"]

1. e4 e5 2. Nf3 Nc6 3. Bb5 Nf6 4.
O-O Nxe4 5. Re1 Nd6 6. Nxe5 Be7 7. Bf1 Nf5 8. Nf3 O-O 9. d4 d5 10. Nc3 Nh4 11. Nxh4 Bxh4 12. Ne2 Bg5 13. c3 Re8 14. Bxg5 Qxg5 15. Nf4 Bd7 16. Qf3 Be6 17. Bb5 h6 18. h3 Rad8 19. Re3 a6 20. Bxc6 bxc6 21. Rae1 Bd7 22. Rxe8+ Bxe8 23. Nd3 a5 24. Nc5 Bd7 25. Re3 Bf5 26. h4 Qg6 27. Qf4 Rc8 28. Re7 Bh3 29. Qg3 Qxg3 30. fxg3 Kf8 31. Re5 Bg4 32. Kf2 f6 33. Re1 h5 34. Ke3 Kf7 35. Kd2 Rb8 36. b3 Bf5 37. a4 g6 38. Ra1 Bc8 39. Rb1 Bf5 40. Rf1 Ke7 41. Rf2 Kf7 42. Kc1 Rg8 43. Kb2 Be4 44. b4 Ra8 45. Ka3 f5 46. bxa5 Rxa5 47. Kb4 Ra8 48. a5 Kf6 49. a6 g5 50.
hxg5+ Kxg5 51. Ne6+ Kg4 52. Nxc7 Ra7 53. Ra2 Kxg3 54.
Ne6 Bxg2 55. Kc5 Bf1 56. Ra1 Bc4 57. Rg1+ Kf3 58. Rg5 Ke4 59. Rxh5 Rxa6 60. Rh4+ Kd3 61. Rh3+ Kc2 62. Nf4 Kb3 63. Rf3 Kc2 64. Ng6 Ra3 65. Ne7 Rxc3 66. Rxc3+ Kxc3 67. Nxf5 Bb5 68. Ne7 Ba4 69.
Nxd5+ 1/2-1/2

[Event "*** Titled Tuesday Blitz"]
[Site "Chess.com"]
[Date "2019.03.05"]
[Round "7"]
[White "aa175"]
[Black "calemcc"]
[Result "1/2-1/2"]
[WhiteElo "1850"]
[BlackElo "2224"]
[TimeControl "180+2"]
[EndTime "14:41:43 PST"]
[Termination "Game drawn - insufficient material"]

1. e4 e6 2. Nf3 d5 3. exd5 exd5 4. Be2 Nf6 5. O-O Be7 6. d3 O-O 7. Nbd2 Bg4 8. h3 Bh5 9. Re1 Re8 10. Ne5 Bxe2 11. Qxe2 Bd6 12. Ndf3 Nc6 13. d4 Nxd4 14. Nxd4 Bxe5 15. Qd1 Ne4 16. Be3 Qh4 17. Nf3 Qf6 18.
Qxd5 Bxb2 19. Rab1 Nc3 20. Qxb7 Nxb1 21. Rxb1 Be5 22.
Nxe5 Qxe5 23. Bxa7 h6 24. g3 Qa5 25. Bd4 Qxa2 26.
Ra1 Rab8 27. Qxc7 Rb1+ 28. Rxb1 Qxb1+ 29. Kg2 Qe1 30. Qc6 Rd8 31. c3 Rb8 32. h4 h5 33.
Kh2 Rd8 34. Qf3 Qf1 35. Qxh5 Rxd4 36. cxd4 Qxf2+ 37. Kh3 Qxd4 38. Qg4 Qf6 39. Qc8+ Kh7 40. Qc2+ g6 41. Qd3 Qf2 42. Qe4 Kg7 43. Qe5+ Kg8 44.
Qb8+ Kg7 45. Qe5+ Kg8 46. Qe8+ Kh7 47. Qe7 Qf3 48. Qe1 Kh6 49. Qa1 Kh7 50. Qe1 g5 51.
Qb1+ f5 52. hxg5 Kg6 53. Qb6+ Kxg5 54. Qd8+ Kg6 55. Qg8+ Kf6 56. Qf8+ Ke6 57. Qe8+ Kf6 58. Qf8+ Ke5 59. Qe7+ Kd4 60. Qd6+ Ke3 61. Qc5+ Ke2 62. Qc2+ Kf1 63. Qc1+ Kf2 64. Qd2+ Kg1 65. Qe1+ Qf1+ 66. Qxf1+ Kxf1 67. Kh4 Kg2 68. Kg5 Kxg3 69. Kxf5 1/2-1/2